 Dungeon Crawl Stone Soup version 0.30.0-18-gf1372a6a44 (webtiles) character file.

Game seed: 8021426024194168986

1585 qw the Cleaver (level 8, -4/53 HPs)
             Began as a Gargoyle Fighter on May 21, 2023.
             Slain by a wight
             ... wielding a +5 spear
              (9 damage)
             ... on level 6 of the Dungeon.
             The game lasted 00:02:22 (4875 turns).

qw the Cleaver (Gargoyle Fighter)                   Turns: 4875, Time: 00:02:23

Health: -4/53      AC: 16    Str: 28 (29) XL:     8   Next: 92%
Magic:  8/8        EV:  7    Int:  7 (8)  God:
Gold:   148        SH:  4    Dex:  8 (9)  Spells: 7/7 levels left

rFire   . . .        Y - +1 war axe
rCold   . . .        c - +0 buckler
rNeg    + . .        t - +0 plate armour
rPois   inf          (no helmet)
rElec   +            (no cloak)
rCorr   .            o - +0 pair of gloves
SInv    .            m - +1 pair of boots
Will    .....        (no amulet) Stlth
                     f - +6 ring of strength
HPRegen 0.28/turn    (no ring)
MPRegen 0.11/turn

%: no passive effects
@: no status effects
A: sickness immunity, AC +5, negative energy resistance 1, electricity
resistance, torment resistance 1, petrification resistance, deformed body,
deterioration 1, robust 1
a: no special abilities


You were on level 6 of the Dungeon.
You visited 1 branch of the dungeon, and saw 6 of its levels.

You collected 148 gold pieces.


Innate Abilities, Weirdness & Mutations

You are immune to sickness and miasma.
Your stone body is resilient. (AC +5)
You are immune to poison.
You resist negative energy. (rN+)
You are resistant to electric shocks. (rElec)
You are resistant to unholy torment.
You are immune to petrification.
Armour fits poorly on your strangely shaped body.
Your body sometimes deteriorates upon taking damage.
You are robust. (+10% HP)


   Skills:
 + Level 5.0 Fighting
 - Level 8.1 Axes
 - Level 3.1 Throwing
 - Level 5.2 Armour
 - Level 1.2 Dodging
 - Level 3.2 Shields


You had 7 spell levels left.
You didn't know any spells.
Your spell library was empty.

Inventory:

Hand Weapons
 b - a +0 morningstar
 Y - a +1 war axe (weapon)
Missiles
 g - 7 boomerangs (quivered)
Armour
 c - a +0 buckler (worn)
 m - a +1 pair of boots (worn)
 o - a +0 pair of gloves (worn)
 t - a +0 plate armour (worn)
Jewellery
 e - a ring of fire
 f - a +6 ring of strength (left hand)
Scrolls
 a - 3 scrolls of identify
Potions
 d - a potion of might
 h - a potion of resistance {unknown}
 i - 3 potions of curing
 j - a potion of attraction
 k - a potion of haste
 l - 2 potions of cancellation
 q - a potion of lignification

Dungeon Overview and Level Annotations

Branches:
Dungeon (6/15)
 Temple: D:4-7

Altars:


Message History

You barely miss the water moccasin.
The water moccasin is almost dead.
You block the water moccasin's attack. The water moccasin bites you.
The wight closely misses you.
You hit the water moccasin but do no damage.
The water moccasin is almost dead.
The water moccasin bites you.
The wight hits you from afar with a +5 spear.
The water moccasin bites you but does no damage.
You slash the water moccasin!
You kill the water moccasin!
The wight closely misses you.
You feel your strength returning.
Your Armour skill increases to level 5!
You barely miss the gnoll. The gnoll barely misses you.
The wight hits you from afar with a +5 spear!
The gnoll hits you but does no damage.
A hound comes into view.
You hit the gnoll.
The gnoll is heavily wounded.
The gnoll hits you but does no damage. The wight hits you but does no damage.
The gnoll closely misses you.
You closely miss the gnoll.
The gnoll is heavily wounded.
The gnoll hits you but does no damage.
The gnoll hits you from afar with a +0 spear.
The wight barely misses you. x2; The gnoll barely misses you. x2
You slash the gnoll!
You kill the gnoll!
The hound stops to sniff the ground.
You block the gnoll's attack. The wight hits you but does no damage.
The wight hits you with a +5 spear.
You slash the wight!
The wight is severely damaged.
You block the gnoll's attack. The wight barely misses you.
You hit the wight.
The wight is almost destroyed.
The gnoll hits you but does no damage. The wight hits you with a +5 spear!
You die...

# .# ####.< .
#... ... #.
###z####.....
#.
#..)@)gJh(...
#..
#.#.####.....
#<.####.#.# #..
#.....#.#.#####
#
#..............
.
##..........###
.
####.#.#......
#.#.###.###
#.#.. ...


You could see a hound, a jelly, a wight and a gnoll.

Vanquished Creatures
  Eustachio (D:4)
  Edmund (D:4)
  A water moccasin (D:6)
  An ice beast (D:6)
  An ogre (D:6)
  A phantom (D:5)
  A gnoll sergeant (D:6)
  3 scorpions
  3 wights (D:6)
  A howler monkey (D:6)
  2 hounds (D:5)
  2 orc priests (D:4)
  4 iguanas
  3 orc wizards
  Terence (D:2)
  4 gnolls (D:6)
  6 adders
  A white imp (D:5)
  An ufetubus (D:4)
  4 worms
  2 dart slugs
  21 orcs
  7 ball pythons
  7 endoplasms
  4 giant cockroaches
  5 goblins
  7 hobgoblins
  4 quokkas
  3 bats
  13 frilled lizards
  7 kobolds
  5 rats
127 creatures vanquished.

Notes
Turn   | Place    | Note
-------+----------+-------------------------------------------
     0 | D:1      | qw the Gargoyle Fighter began the quest for the Orb.
     0 | D:1      | Reached XP level 1. HP: 14/14 MP: 1/1
     0 | D:1      | 0 ||| qw: Version: 0.2-a-98-g16b38d9
     0 | D:1      | 0 ||| qw: Game counter: 11
     0 | D:1      | 0 ||| qw: Always use a shield: true
     0 | D:1      | 0 ||| qw: God list: Okawaru
     0 | D:1      | 0 ||| qw: Allow faded altars: false
     0 | D:1      | 0 ||| qw: Do Orc after D:15 true
     0 | D:1      | 0 ||| qw: Do second Lair branch before Depths: true
     0 | D:1      | 0 ||| qw: Lair rune preference: random
     0 | D:1      | 0 ||| qw: Plans: Normal, Zot:1-4, God:TSO, Crypt, Tomb,
                  | Pan, Slime:5, Hells, Abyss, Win
     0 | D:1      | 0 ||| PLANNING D:1-11
    86 | D:1      | 86 ||| Stepping ~*~*~tactically~*~*~ (stealth).
    92 | D:1      | Reached skill level 2 in Axes
   131 | D:1      | 131 ||| Stepping ~*~*~tactically~*~*~ (hiding).
   132 | D:1      | 132 ||| Stepping ~*~*~tactically~*~*~ (hiding).
   177 | D:1      | Reached XP level 2. HP: 19/19 MP: 2/2
   252 | D:1      | 252 ||| Stepping ~*~*~tactically~*~*~ (stealth).
   253 | D:1      | 253 ||| Stepping ~*~*~tactically~*~*~ (stealth).
   268 | D:1      | 268 ||| Stepping ~*~*~tactically~*~*~ (stealth).
   271 | D:1      | 271 ||| Stepping ~*~*~tactically~*~*~ (stealth).
   320 | D:1      | Reached skill level 3 in Axes
   489 | D:1      | Reached XP level 3. HP: 23/23 MP: 3/3
   534 | D:1      | Found a faded altar of an unknown god.
   827 | D:1      | 827 ||| Stepping ~*~*~tactically~*~*~ (hiding).
   828 | D:1      | 828 ||| Stepping ~*~*~tactically~*~*~ (hiding).
   994 | D:1      | 994 ||| UPGRADING to +0 pair of boots.
   999 | D:1      | 999 ||| UPGRADING to +6 ring of strength.
  1000 | D:1      | 1000 ||| READING 2 scrolls labelled WOERIE LUORAPS.
  1001 | D:1      | 1001 ||| READING scroll labelled COHUTA ACUENORE.
  1002 | D:1      | 1002 ||| READING scroll labelled VUSSEE NOUNAEV.
  1003 | D:1      | 1003 ||| READING scroll labelled SUOKOO LEGAUSS.
  1004 | D:1      | 1004 ||| READING scroll labelled APHISAYHAN.
  1005 | D:1      | 1005 ||| READING scroll labelled IPEIM LAIDOHE.
  1010 | D:1      | 1010 ||| READING scroll labelled IRGHAU YMESH.
  1184 | D:2      | Noticed Terence
  1202 | D:2      | Killed Terence
  1203 | D:2      | Reached XP level 4. HP: 18/28 MP: 4/4
  1373 | D:2      | Reached skill level 4 in Axes
  1978 | D:2      | 1978 ||| DROPPING scarf of shadows.
  1979 | D:2      | 1979 ||| DRINKING 2 dark potions.
  1980 | D:2      | 1980 ||| DRINKING 2 bubbling orange potions.
  1981 | D:2      | 1981 ||| READING 2 scrolls of identify.
  1981 | D:2      | 1981 ||| IDENTIFYING fuming amethyst potion
  1982 | D:2      | 1982 ||| DROPPING potion of magic.
  2119 | D:3      | 2119 ||| Stepping ~*~*~tactically~*~*~ (hiding).
  2120 | D:3      | 2120 ||| Stepping ~*~*~tactically~*~*~ (hiding).
  2121 | D:3      | 2121 ||| Stepping ~*~*~tactically~*~*~ (hiding).
  2122 | D:3      | 2122 ||| Stepping ~*~*~tactically~*~*~ (hiding).
  2123 | D:3      | 2123 ||| Stepping ~*~*~tactically~*~*~ (hiding).
  2131 | D:3      | Reached XP level 5. HP: 20/32 MP: 5/5
  2135 | D:3      | 2135 ||| Stepping ~*~*~tactically~*~*~ (stealth).
  2141 | D:3      | 2141 ||| Stepping ~*~*~tactically~*~*~ (stealth).
  2145 | D:3      | 2145 ||| Stepping ~*~*~tactically~*~*~ (stealth).
  2146 | D:3      | 2146 ||| Stepping ~*~*~tactically~*~*~ (stealth).
  2147 | D:3      | 2147 ||| Stepping ~*~*~tactically~*~*~ (stealth).
  2217 | D:3      | 2217 ||| Stepping ~*~*~tactically~*~*~ (stealth).
  2229 | D:3      | 2229 ||| Stepping ~*~*~tactically~*~*~ (stealth).
  2256 | D:3      | 2256 ||| READING scroll of enchant armour.
  2256 | D:3      | 2256 ||| ENCHANTING +0 pair of boots.
  2260 | D:3      | 2260 ||| Stepping ~*~*~tactically~*~*~ (stealth).
  2373 | D:3      | 2373 ||| Stepping ~*~*~tactically~*~*~ (stealth).
  2410 | D:3      | Identified the +1 leather armour of Selub {Rampage Int+2
                  | Stlth+}
  2473 | D:3      | 2473 ||| DROPPING +0 mace.
  2476 | D:3      | 2476 ||| Stepping ~*~*~tactically~*~*~ (stealth).
  2490 | D:3      | Reached skill level 5 in Axes
  2501 | D:3      | 2501 ||| Stepping ~*~*~tactically~*~*~ (stealth).
  2503 | D:3      | 2503 ||| Stepping ~*~*~tactically~*~*~ (hiding).
  2504 | D:3      | 2504 ||| Stepping ~*~*~tactically~*~*~ (hiding).
  2707 | D:3      | 2707 ||| DROPPING +1 leather armour of Selub {Rampage Int+2
                  | Stlth+}.
  2708 | D:3      | 2708 ||| DRINKING 2 fizzy brown potions.
  2709 | D:3      | 2709 ||| DRINKING 2 silvery potions.
  2710 | D:3      | 2710 ||| READING 3 scrolls of identify.
  2710 | D:3      | 2710 ||| IDENTIFYING cyan potion
  2889 | D:4      | Noticed Eustachio
  2901 | D:4      | Killed Eustachio
  2902 | D:4      | Reached skill level 3 in Throwing
  2902 | D:4      | Reached XP level 6. HP: 37/37 MP: 6/6
  2915 | D:4      | 2915 ||| Stepping ~*~*~tactically~*~*~ (stealth).
  2917 | D:4      | 2917 ||| Stepping ~*~*~tactically~*~*~ (hiding).
  2965 | D:4      | 2965 ||| Stepping ~*~*~tactically~*~*~ (hiding).
  2973 | D:4      | 2973 ||| Stepping ~*~*~tactically~*~*~ (stealth).
  2985 | D:4      | 2985 ||| Stepping ~*~*~tactically~*~*~ (hiding).
  2992 | D:4      | 2992 ||| DRINKING 2 potions of curing.
  2992 | D:4      | 2992 ||| (to cure confusion)
  2996 | D:4      | Reached skill level 1 in Dodging
  2997 | D:4      | HP: 3/37 [orc priest/divine providence (11)]
  2998 | D:4      | 2998 ||| READING 2 scrolls of teleportation.
  2999 | D:4      | 2999 ||| DRINKING potion of heal wounds.
  3012 | D:4      | HP: 9/37 [orc priest/divine providence (14)]
  3013 | D:4      | 3013 ||| READING scroll of teleportation.
  3095 | D:4      | 3095 ||| Stepping ~*~*~tactically~*~*~ (stealth).
  3141 | D:4      | Reached XP level 7. HP: 13/43 MP: 7/7
  3579 | D:4      | Noticed Edmund
  3586 | D:4      | Killed Edmund
  3587 | D:4      | Reached skill level 6 in Axes
  3769 | D:4      | 3769 ||| UPGRADING to +0 chain mail.
  3779 | D:4      | 3779 ||| DROPPING +0 scale mail.
  3780 | D:4      | 3780 ||| DRINKING 2 ruby potions.
  3781 | D:4      | 3781 ||| READING 4 scrolls of identify.
  3781 | D:4      | 3781 ||| IDENTIFYING lumpy ruby potion
  3782 | D:4      | 3782 ||| DROPPING potion of brilliance.
  3811 | D:5      | Entered Level 5 of the Dungeon
  3954 | D:5      | Reached skill level 7 in Axes
  3954 | D:5      | Reached XP level 8. HP: 43/48 MP: 8/8
  4267 | D:5      | 4267 ||| Stepping ~*~*~tactically~*~*~ (stealth).
  4316 | D:5      | 4316 ||| Stepping ~*~*~tactically~*~*~ (stealth).
  4592 | D:5      | 4592 ||| UPGRADING to +0 pair of gloves.
  4597 | D:5      | 4597 ||| UPGRADING to +0 plate armour.
  4607 | D:5      | 4607 ||| DROPPING +0 chain mail.
  4608 | D:5      | 4608 ||| READING scroll labelled XIPSIW KIE.
  4609 | D:5      | 4609 ||| DRINKING 2 fizzy grey potions.
  4609 | D:5      | Gained mutation: Armour fits poorly on your strangely
                  | shaped body. [potion of mutation]
  4609 | D:5      | Gained mutation: Your body sometimes deteriorates upon
                  | taking damage. [potion of mutation]
  4609 | D:5      | Gained mutation: You have sharp toenails. [potion of
                  | mutation]
  4610 | D:5      | 4610 ||| DRINKING potion of mutation.
  4610 | D:5      | Lost mutation: Armour fits poorly on your strangely shaped
                  | body. [potion of mutation]
  4610 | D:5      | Lost mutation: You have sharp toenails. [potion of
                  | mutation]
  4610 | D:5      | Gained mutation: You are robust. (+10% HP) [potion of
                  | mutation]
  4610 | D:5      | Gained mutation: Armour fits poorly on your strangely
                  | shaped body. [potion of mutation]
  4724 | D:6      | 4724 ||| Stepping ~*~*~tactically~*~*~ (stealth).
  4734 | D:6      | 4734 ||| Stepping ~*~*~tactically~*~*~ (stealth).
  4740 | D:6      | 4740 ||| Stepping ~*~*~tactically~*~*~ (stealth).
  4748 | D:6      | 4748 ||| DROPPING +0 flail.
  4849 | D:6      | HP: 12/53 [wight/+5 spear (12)]
  4850 | D:6      | 4850 ||| DRINKING 4 potions of heal wounds.
  4853 | D:6      | Reached skill level 8 in Axes
  4854 | D:6      | HP: 11/53 [howler monkey (3)]
  4854 | D:6      | HP: 1/53 [wight/+5 spear (10)]
  4855 | D:6      | 4855 ||| DRINKING 3 potions of heal wounds.
  4859 | D:6      | HP: 13/53 [water moccasin (4)]
  4860 | D:6      | 4860 ||| DRINKING 2 potions of heal wounds.
  4862 | D:6      | 4862 ||| DRINKING potion of heal wounds.
  4869 | D:6      | HP: 12/53 [wight/+5 spear (10)]
  4873 | D:6      | HP: 4/53 [wight/+5 spear (6)]
  4875 | D:6      | Slain by a wight

Levels and vault maps discovered:
D:1:      wheals_arrival_shading, layout_basic,
          hellmonk_ecumenical_altar_zigzags, minmay_crystal_room,
          minmay_stone_trees_medium, dk_noncrumbling_3, minmay_misc_feat_x,
          minmay_lizard_king
D:2:      layout_loops_corners, uniq_terence
D:3:      corexii_shack_village, layout_basic
D:4:      layout_loops_ring, uniq_edmund, uniq_eustachio
D:5:      layout_basic, chequers_serial_rivers_large_b
D:6:      layout_loops_ring, grunt_temple_overflow_open,
          minmay_temple_entry_glass, uniq_menkaure

Skill      XL: |  1  2  3  4  5  6  7  8 |
---------------+-------------------------+-----
Axes           | 2 3 4 5 7 8 |  8.1
Throwing       | 3 |  3.1
Dodging        | 1 |  1.2
Fighting       | 4 5 |  5.0
Armour         | 5 |  5.2
Shields        | |  3.2

Action                     |  1- 3 |  4- 6 |  7- 9 || total
---------------------------+-------+-------+-------++-------
  Melee: War axe           |   117 |   162 |    89 ||   368
  Throw: Javelin           |       |    17 |    37 ||    54
         Boomerang         |       |       |     2 ||     2
    Use: Scroll            |     7 |     5 |     2 ||    14
         Potion            |       |     6 |     7 ||    13
 Armour: Scale mail        |    49 |    74 |     6 ||   129
         Chain mail        |       |       |    18 ||    18
         Plate armour      |       |       |    32 ||    32
  Dodge: Dodged            |    44 |    68 |    39 ||   151
  Block: Buckler           |    21 |    24 |    16 ||    61

Table legend:
 A = Non-vault XP
 B = Vault XP
 C = Vault XP percentage of total XP
 D = Non-vault monster count
 E = Vault monster count
 F = Vault count percentage of total count
                 A         B        C        D         E       F
            +---------+---------+-------+---------+---------+-------
      Total |    1825 |     440 |  19.4 |     105 |      22 |  17.3
            +---------+---------+-------+---------+---------+-------
        D:1 |      35 |      11 |  23.9 |      20 |      11 |  35.5
        D:2 |      48 |      36 |  42.9 |      16 |       1 |   5.9
        D:3 |      97 |      23 |  19.2 |      15 |       8 |  34.8
        D:4 |     334 |     370 |  52.6 |      25 |       2 |   7.4
        D:5 |     456 |       0 |   0.0 |      15 |       0 |   0.0
        D:6 |     855 |       0 |   0.0 |      14 |       0 |   0.0
            +---------+---------+-------+---------+---------+-------
